 Dungeon Crawl Stone Soup version 0.30.0-19-g36f170ea60 (webtiles) character file.

Game seed: 1731507520912188841

4564 thedragondan the Basher (level 10, 0/79 HPs)
             Began as a Human Fighter on June 1, 2023.
             Slain by Grum
             ... wielding a -1 spear
              (13 damage)
             ... on level 9 of the Dungeon.
             The game lasted 00:56:38 (9731 turns).

thedragondan the Basher (Human Fighter)             Turns: 9731, Time: 00:56:41

Health: 0/79       AC: 18    Str: 21    XL:     10   Next: 67%
Magic:  10/10      EV: 11    Int:  8    God:
Gold:   473        SH:  0    Dex: 13    Spells: 9/9 levels left

rFire   . . .        b - +3 flail
rCold   . . .        m - orb {light}
rNeg    . . .        e - +3 scale mail {Will+}
rPois   .            k - +0 helmet
rElec   .            l - +1 cloak
rCorr   .            (no gloves)
SInv    .            (no boots)
Will    +....        (no amulet) Stlth
                     h - ring of flight
HPRegen 0.33/turn    F - +4 ring of protection
MPRegen 0.12/turn

%: no passive effects
@: marked, flying, glowing
A: no striking features
a: no special abilities


You were on level 9 of the Dungeon.
You visited 1 branch of the dungeon, and saw 9 of its levels.
You also visited: Ossuary.

You collected 570 gold pieces.
You spent 97 gold pieces at shops.

Inventory:

Hand Weapons
 b - a +3 flail (weapon)
Missiles
 q - 2 poisoned darts
 u - 4 silver javelins
Armour
 e - a +3 scale mail of willpower (worn)
 k - a +0 helmet (worn)
 l - a +1 cloak (worn)
 m - an orb of light (worn)
Jewellery
 c - a ring of fire
 h - a ring of flight (left hand)
 s - a ring of fire
 C - a ring of magical power
 F - a +4 ring of protection (right hand)
Wands
 r - a wand of digging (9)
 y - a wand of flame (21) (quivered)
 E - a wand of iceblast (9)
Scrolls
 d - 4 scrolls of vulnerability
 j - 3 scrolls of teleportation
 n - a scroll of enchant armour
 x - 2 scrolls of identify
 z - a scroll of poison
Potions
 a - 6 potions of curing
 f - a potion of resistance
 g - 3 potions of invisibility
 o - 2 potions of brilliance
 p - a potion of lignification
 t - a potion of attraction
 w - 2 potions of flight
 B - a potion of magic
 D - a potion of mutation


   Skills:
 + Level 7.2 Fighting
 + Level 10.5 Maces & Flails
 + Level 2.6 Throwing
 + Level 6.9 Armour
 + Level 3.6 Dodging
 + Level 1.8 Stealth
 + Level 3.3 Shields
 + Level 2.0 Evocations


You had 9 spell levels left.
You didn't know any spells.
Your spell library contained the following spells:

 Spells                   Type           Power      Damage    Failure   Level
 Sandblast                Erth           0%         2d4       71%         1
 Ensorcelled Hibernation  Hex/Ice        0%         N/A       85%         2
 Passwall                 Tmut/Erth      0%         N/A       85%         2
 Portal Projectile        Hex/Tloc       0%         N/A       97%         3
 Stone Arrow              Conj/Erth      0%         3d7       97%         3
 Swiftness                Air            0%         N/A       97%         3
 Tukima's Dance           Hex            0%         N/A       97%         3
 Passage of Golubria      Tloc           0%         N/A       100%        4
 Blade Hands              Tmut           0%         N/A       100%        5
 Yara's Violent Unravell  Hex/Tmut       0%         3d3       100%        5


Dungeon Overview and Level Annotations

Branches:
Dungeon (9/15)             Temple (0/1) D:5         Ossuary (visited)
   Lair: D:8-11         Orc: D:9-12

Altars:

Shops:
D:4 *   D:6 **[=

Annotations:
D:9 Grum, Joseph


Message History

You closely miss the wolf.
The wolf is heavily wounded.
The wolf bites you but does no damage. Grum hits you but does no damage.
You barely miss the wolf.
The wolf is heavily wounded.
The wolf bites you but does no damage. The wolf barely misses you.
Grum hits you but does no damage.
You barely miss the wolf.
The wolf is heavily wounded.
The wolf bites you.
You completely miss the wolf.
The wolf is heavily wounded.
The wolf bites you but does no damage.
Grum hits you from afar with a -1 spear.
The wolf bites you.
* * * LOW HITPOINT WARNING * * *
You completely miss the wolf.
The wolf is heavily wounded.
The wolf bites you but does no damage.
Grum hits you from afar with a -1 spear.
* * * LOW HITPOINT WARNING * * *
The wolf bites you but does no damage. The wolf attacks as you move away!
The wolf barely misses you. The wolf bites you.
* * * LOW HITPOINT WARNING * * *
There is an open door here.
The wolf attacks as you move away! The wolf bites you.
* * * LOW HITPOINT WARNING * * *
A gnoll comes into view. It is wielding a +0 spear.
The wolf barely misses you. The wolf barely misses you.
A gnoll comes into view. It is wielding a +0 flail. x2
The wolf bites you but does no damage. The gnoll closely misses you.
The wolf completely misses you.
There is a stone staircase leading up here.
The wolf closely misses you.
The gnoll hits you from afar with a +0 spear.
* * * LOW HITPOINT WARNING * * *
Grum hits you from afar with a -1 spear!
You die...

#.....h.........#
######h.........#
#...#.........#
#...####รท######
#......g......#
#....#....)##.#
#.....gg....#.#
#.##.#.....##.#
#.....@hg..'..#
###############....####
#...............####
### #.#############.#
#.. #.# #.# #.[ #.#
########.# #.. #.#
####........# #.. #.#
#.##...~....+ #..
##.###.##...~~...# #..


You could see Grum, a wolf and 3 gnolls.

Vanquished Creatures
  Harold (D:9)
  A wyvern (D:7)
  Eustachio (D:5)
  A steam dragon (D:8)
  Edmund (D:5)
  4 orc warriors
  A sky beast (D:8)
  3 black bears
  2 ogres
  2 wolves (D:9)
  2 phantoms
  2 centaurs
  Blork the orc (D:5)
  3 bullfrogs
  A scorpion (D:6)
  3 wights (D:7)
  5 killer bees (D:9)
  7 howler monkeys
  4 hounds
  3 orc priests
  Crazy Yiuf (D:3)
  2 gnoll boudas
  2 jellies (D:6)
  7 orc wizards
  Terence (D:3)
  4 iguanas
  8 mummies (Ossuary)
  Robin (D:4)
  12 gnolls
  5 adders
  A shadow imp (D:5)
  2 white imps
  A worm (D:2)
  A dart slug (D:3)
  25 orcs
  6 ball pythons
  5 endoplasms
  3 giant cockroaches
  A gnoll zombie (Ossuary)
  13 goblins
  6 hobgoblins
  5 quokkas
  3 bats
  4 frilled lizards
  2 hobgoblin zombies (Ossuary)
  6 kobolds
  A kobold zombie (Ossuary)
  4 orc zombies (Ossuary)
  23 rats
203 creatures vanquished.

Vanquished Creatures (collateral kills)
  Ijyb (D:5)
1 creature vanquished.

Grand Total: 204 creatures vanquished

Notes
Turn   | Place    | Note
-------+----------+-------------------------------------------
     0 | D:1      | thedragondan the Human Fighter began the quest for the Orb.
     0 | D:1      | Reached XP level 1. HP: 18/18 MP: 1/1
   117 | D:1      | Reached XP level 2. HP: 19/24 MP: 2/2
   707 | D:1      | Reached XP level 3. HP: 29/29 MP: 3/3
  1672 | D:2      | Reached XP level 4. HP: 35/35 MP: 4/4
  2211 | D:3      | Found a runed translucent door.
  2212 | D:3      | Noticed Crazy Yiuf
  2217 | D:3      | Killed Crazy Yiuf
  2218 | D:3      | Reached skill level 3 in Maces & Flails
  2218 | D:3      | Reached XP level 5. HP: 28/42 MP: 5/5
  2550 | D:3      | Noticed Terence
  2556 | D:3      | Killed Terence
  2557 | D:3      | Reached skill level 1 in Throwing
  2693 | D:3      | Reached XP level 6. HP: 33/48 MP: 6/6
  2697 | D:3      | Reached skill level 1 in Dodging
  2974 | D:3      | Identified the +2 robe "Sifacwit" {Harm rF+ rC- Str+3}
  3285 | D:4      | Noticed a black bear
  3294 | D:4      | Killed a black bear
  3295 | D:4      | Reached skill level 4 in Maces & Flails
  3676 | D:4      | Identified the +2 robe of Navaclewk {Drain Dex+9}
  3759 | D:4      | Found Ceebry's Assorted Antiques.
  3814 | D:4      | Noticed Robin
  3844 | D:4      | Reached XP level 7. HP: 52/53 MP: 7/7
  3849 | D:4      | Killed Robin
  4496 | D:5      | Entered Level 5 of the Dungeon
  4642 | D:5      | Reached skill level 5 in Maces & Flails
  4691 | D:5      | Noticed Ijyb
  4692 | D:5      | Noticed Edmund
  4700 | D:5      | Killed Ijyb
  4724 | D:5      | Found a staircase to the Ecumenical Temple.
  4753 | D:5      | Killed Edmund
  4859 | D:5      | Noticed Blork the orc
  4870 | D:5      | Killed Blork the orc
  4871 | D:5      | Reached XP level 8. HP: 57/61 MP: 8/8
  4879 | D:5      | Noticed Eustachio
  4884 | D:5      | Reached skill level 6 in Maces & Flails
  4896 | D:5      | Killed Eustachio
  4913 | D:5      | Reached skill level 5 in Fighting
  5259 | D:5      | Reached skill level 5 in Armour
  5338 | D:6      | Reached skill level 7 in Maces & Flails
  5381 | D:6      | Found a transporter.
  5388 | D:6      | Found Linyguge's General Store.
  5396 | D:6      | Found Katonloxt's Antique Armour Shop.
  5554 | D:6      | Found Zourgh's Jewellery Boutique.
  5666 | D:6      | Found a sand-covered staircase.
  5677 | Ossuary  | Entered an ossuary
  5692 | Ossuary  | Reached XP level 9. HP: 68/68 MP: 9/9
  6079 | D:6      | Found a transporter.
  6096 | D:6      | Bought a scroll of enchant armour for 97 gold pieces
  6148 | D:6      | Reached skill level 8 in Maces & Flails
  6157 | D:6      | Found Quogo's Assorted Antiques.
  6487 | D:7      | Found a flagged portal.
  6773 | D:7      | Reached skill level 1 in Stealth
  6909 | D:7      | Reached skill level 9 in Maces & Flails
  8799 | D:8      | Reached XP level 10. HP: 67/77 MP: 10/10
  9190 | D:9      | Noticed Grum
  9224 | D:9      | Reached skill level 1 in Evocations
  9230 | D:9      | Noticed an unseen horror
  9615 | D:9      | Reached skill level 10 in Maces & Flails
  9662 | D:9      | Noticed Harold
  9678 | D:9      | Killed Harold
  9683 | D:9      | Noticed Joseph
  9731 | D:9      | Slain by Grum

Illustrated notes

Levels and vault maps discovered:
D:1:      ncdulo_wetmaze, layout_basic, hangedman_glass_teeth,
          grunt_decor_resistance, minmay_misc_feat_pillars,
          roderic_serpentine_path, chequers_serial_rivers_micro_b
D:2:      layout_basic, kennysheep_generic_room_5
D:3:      layout_basic, uniq_terence, uniq_crazy_yiuf_cottage
D:4:      layout_basic, st_stairs_8, nicolae_concentric_dashed_squares_wild,
          nicolae_take_the_stairs, minmay_rat_hole, uniq_robin
D:5:      layout_loops_ring, minmay_temple_entry_from_below_a, uniq_edmund,
          uniq_eustachio, uniq_blork_the_orc, uniq_ijyb
D:6:      layout_basic, nicolae_ossuary_entry_monument, serial_shops, shop,
          shop, shop, nicolae_shop_drivethru
D:7:      layout_cave_pods, enter_bailey_2
D:8:      layout_basic, hex_intersection, hangedman_decor_points
D:9:      layout_basic, minivault_21, minmay_misc_feat_columns, uniq_maurice,
          uniq_joseph, uniq_harold, uniq_grum

Skill      XL: |  1  2  3  4  5  6  7  8  9 10 |
---------------+-------------------------------+-----
Maces & Flails | 3 4 5 7 9 10 | 10.5
Throwing       | 1 2 |  2.6
Dodging        | 1 2 3 |  3.6
Armour         | 4 5 6 |  6.9
Fighting       | 4 5 6 7 |  7.2
Stealth        | 1 |  1.8
Evocations     | 2 |  2.0
Shields        | |  3.3

Action                     |  1- 3 |  4- 6 |  7- 9 | 10-12 || total
---------------------------+-------+-------+-------+-------++-------
  Melee: Flail             |    76 |   140 |   253 |   132 ||   601
  Throw: Javelin           |     9 |    12 |     8 |       ||    29
         Dart              |       |     6 |     3 |       ||     9
         Throwing net      |       |       |     2 |       ||     2
  Evoke: Wand              |       |       |     2 |    10 ||    12
    Use: Scroll            |     3 |     7 |     7 |     3 ||    20
         Potion            |     1 |     1 |     6 |     2 ||    10
 Armour: Scale mail        |    39 |    85 |   122 |   108 ||   354
  Dodge: Dodged            |    46 |    77 |   136 |    89 ||   348
  Block: Buckler           |    17 |       |       |       ||    17
